 Dungeon Crawl Stone Soup version 0.30-a0-12-gd8047c6341 (webtiles) character file.

Game seed: 9068229409988007777

147 Sobieck the Shooter (level 5, 0/26 HPs)
             Began as a Vine Stalker Hunter on Aug 23, 2022.
             Slain by an orc priest
             ... wielding a +0 flail
              (4 damage)
             ... on level 3 of the Dungeon.
             The game lasted 00:03:41 (2131 turns).

Sobieck the Shooter (Vine Stalker Hunter)           Turns: 2131, Time: 00:03:41

Health: 0/26       AC:  7    Str: 13    XL:     5   Next: 29%
Magic:  0/6        EV: 12    Int:  9    God:
Gold:   111        SH:  0    Dex: 20    Spells: 4/4 levels left

rFire   . . .      SeeInvis .    b - +0 hand axe (elec) {axe}
rCold   . . .      Faith    .    (no shield)
rNeg    . . .      Spirit   +    c - +0 leather armour
rPois   .          Reflect  .    (no helmet)
rElec   .          Harm     .    m - +2 cloak
rCorr   .          Rampage  .    e - +0 pair of gloves
Will    .....                    (no boots)
Stlth   ++........               (no amulet)
HPRegen 0.88/turn                (no ring)
MPRegen 0.10/turn                (no ring)

@: no status effects
A: fangs 2, regeneration 1, magic shield, antimagic bite, no potion heal 2
a: no special abilities


You were on level 3 of the Dungeon.
You visited 1 branch of the dungeon, and saw 3 of its levels.

You collected 111 gold pieces.


Innate Abilities, Weirdness & Mutations

You have extremely sharp teeth.
Your natural rate of healing is unusually fast.
When hurt, damage is shared between your health and your magic reserves.
Your bite disrupts and absorbs the magic of your enemies.
Potions cannot restore your health.


   Skills:
 - Level 1.7 Fighting
 + Level 5.8 Ranged Weapons
 - Level 1.5 Dodging
 - Level 1.2 Stealth


You had 4 spell levels left.
You didn't know any spells.
Your spell library contained the following spells:

 Spells                   Type           Power      Damage    Failure   Level
 Sandblast                Erth           0%         2d4       45%         1
 Blink                    Tloc           0%         N/A       61%         2
 Passwall                 Tmut/Erth      0%         N/A       61%         2
 Lesser Beckoning         Tloc           0%         N/A       83%         3
 Stone Arrow              Conj/Erth      0%         3d7       83%         3
 Petrify                  Tmut/Erth      0%         N/A       99%         4
 Manifold Assault         Tloc           0%         N/A       100%        5
 Metabolic Englaciation   Hex/Ice        0%         N/A       100%        5
 Statue Form              Tmut/Erth      0%         N/A       100%        6

Inventory:

Hand Weapons
 a - a +0 shortbow {bow}
 b - a +0 hand axe of electrocution (weapon) {axe}
   (You found it on level 1 of the Dungeon)
 g - a +0 dagger {short}
   (You took it off a goblin on level 1 of the Dungeon)
 r - a +0 dagger of draining {short}
   (You took it off a goblin on level 2 of the Dungeon)
Missiles
 f - 25 stones {throwing}
 C - 5 poisoned darts {throwing}
Armour
 c - a +0 leather armour (worn)
 e - a +0 pair of gloves (worn)
   (You found it on level 1 of the Dungeon)
 m - a +2 cloak (worn)
   (You found it on level 1 of the Dungeon)
 o - a +0 leather armour
   (You found it on level 2 of the Dungeon)
 s - a +0 animal skin
   (You took it off Robin on level 2 of the Dungeon)
 t - a +0 helmet
   (You took it off Robin on level 2 of the Dungeon)
 x - a +0 robe
   (You took it off Jessica on level 2 of the Dungeon)
 y - a +0 robe
   (You found it on level 3 of the Dungeon)
 z - a +0 ring mail
   (You took it off an orc on level 3 of the Dungeon)
 A - a +0 ring mail
   (You took it off an orc on level 3 of the Dungeon)
 B - a +0 leather armour
   (You found it on level 3 of the Dungeon)
Scrolls
 d - 2 scrolls of enchant armour {unknown}
 h - a scroll of blinking {unknown}
 i - 2 scrolls of identify {unknown}
 j - a scroll of silence {unknown}
 k - a scroll of fear {unknown}
 l - a scroll of immolation {!r!r}
 q - a scroll of vulnerability {unknown}
 v - a scroll of summoning {unknown}
 w - a scroll of teleportation {unknown}
Potions
 n - a potion of curing {unknown}
 p - 2 potions of lignification {unknown}
 u - a potion of mutation {unknown}

Dungeon Overview and Level Annotations

Branches:
Dungeon (3/15) Zot: 15834

Altars:
Xom

...... #..?.o... #+
#.... #.....o. #. #..).
#..†... #.##..). #...o.
#......) #.... #.......
#... #....#.. ####)#####
#.....)# #...oo@..##
#.....## #....###..##
#.###.# #..........##
#.....## #...........##
#..##...
...........#..###.######
...###......##..#..####
P~~. #.......###>.....'#


PP. #.......# ####.#### .P.#....# #...# You could see 2 orc priests.


Message History

You bite the frilled lizard.
You kill the frilled lizard!
You closely miss the ball python. The ball python barely misses you.
The ball python constricts you.
You escape the ball python's grasp.
The ball python barely misses you. The ball python grabs you.
The ball python constricts you.
You closely miss the ball python. The ball python bites you.
The ball python constricts you. The ball python barely misses you.
The ball python constricts you.
You hit the ball python.
You kill the ball python!
You hit the goblin.
You kill the goblin!
Unknown command.
Your +0 hand axe of electrocution {axe} stops crackling.
a - a +0 shortbow (weapon)
{bow}
A - a +0 ring mail
Things that are here:
a +0 flail {mace}; an orc corpse
B - a +0 leather armour
C - 5 poisoned darts {throwing} You see here a +0 dagger {short}.
Unknown command.
You pick up a book of Geomancy and begin reading...
You add the spells Sandblast, Passwall and Stone Arrow to your library.
Unknown command.
Found a stone staircase leading down.
Unknown command.
You open the door. You open the door.
An orc comes into view. It is wielding a +0 mace.
Danger!
You shoot an arrow.
The arrow hits the orc but does no damage.
The orc shouts!
A bat comes into view.
An orc priest comes into view. It is wielding a +0 flail.
An orc comes into view. It is wielding a +0 flail.
You shoot an arrow. The orc shouts!
The arrow hits the bat!
You kill the bat!
An orc comes into view. It is wielding a +0 club.
An orc priest comes into view. It is wielding a +0 short sword.
You shoot an arrow. The arrow closely misses the orc.
The orc shouts!
The arrow hits the orc but does no damage.
Unknown command.
You hear the crackle of electricity.
b - a +0 hand axe of electrocution (weapon)
{axe} Unknown command.
You hit the orc. Lightning courses through the orc!!
You kill the orc!
You closely miss the orc. The orc completely misses you.
The orc priest mumbles some strange prayers to Beogh against you.
Beogh smites you!
You hit the orc but do no damage. Your punch misses the orc.
The orc hits you with a +0 flail.
You hit the orc. Your bite misses the orc. The orc closely misses you.
The orc priest mumbles some strange prayers to Beogh against you.
Beogh smites you! The orc closely misses you.
Unknown command.
You hit the orc but do no damage. Lightning courses through the orc!
You kill the orc!
Unknown command.
You hit the orc priest. The orc priest misses you.
You closely miss the orc priest. Your bite misses the orc priest.
The orc priest misses you.
The orc priest hits you but does no damage.
Unknown command.
You barely miss the orc priest. Your bite misses the orc priest.
The orc priest calls down the wrath of Beogh upon you.
Beogh smites you!
* * * LOW HITPOINT WARNING * * *
Unknown command.
You hit the orc priest but do no damage.
You bite the orc priest. You drain its power.
You feel invigorated. The orc priest barely misses you.
You barely miss the orc priest. You punch the orc priest.
You bite the orc priest, but do no damage.
The orc priest hits you with a +0 short sword.
* * * LOW HITPOINT WARNING * * *
You hit the orc priest. You bite the orc priest. You drain its power.
You feel invigorated. The orc priest barely misses you.
Unknown command.
You hit the orc. The orc hits you but does no damage.
Unknown command.
You hit the orc but do no damage. Lightning courses through the orc!
You kill the orc!
You hit the orc priest.
The orc priest calls down the wrath of Beogh upon you.
Beogh smites you!
* * * LOW HITPOINT WARNING * * *
The orc priest miscasts a cantrip.
Unknown command.
You hit the orc priest but do no damage.
You bite the orc priest, but do no damage.
The orc priest hits you with a +0 flail.
You die...

Skill      XL: |  1  2  3 |
---------------+----------+-----
Ranged Weapons | 4 5 |  5.8
Fighting       | |  1.7
Dodging        | |  1.5
Stealth        | |  1.2

Action                   |  1- 3 |  4- 6 || total
-------------------------+-------+-------++-------
Melee: Hand axe          |     4 |    44 ||    48
       Bite              |     1 |     8 ||     9
       Punch             |       |     1 ||     1
 Fire: Shortbow          |    75 |    35 ||   110
Armor: Leather armour    |    25 |    13 ||    38
Dodge: Dodged            |    33 |    33 ||    66

Levels and vault maps discovered:
D:1:      nzn_arrival_crosshair, layout_basic
D:2:      layout_basic, uniq_robin, uniq_jessica
D:3:      layout_basic, tgw_sif, lemuel_doored_altar,
          shapermc_ecumenical_altar_mp_ritualfount, minmay_quantized

Notes
Turn   | Place    | Note
-------+----------+-------------------------------------------
     0 | D:1      | Sobieck the Vine Stalker Hunter began the quest for the
                  | Orb.
     0 | D:1      | Reached XP level 1. HP: 11/11 MP: 2/2
   158 | D:1      | HP: 2/11 [jackal (1)]
   702 | D:1      | Reached skill level 4 in Ranged Weapons
   702 | D:1      | Reached XP level 2. HP: 15/15 MP: 3/3
   947 | D:1      | You pick up a book of Spatial Translocations and begin
                  | reading...
   947 | D:1      | You add the spells Blink, Lesser Beckoning and Manifold
                  | Assault to your library.
  1018 | D:1      | Reached XP level 3. HP: 18/18 MP: 4/4
  1243 | D:2      | You pick up a book of Sloth and begin reading...
  1243 | D:2      | You add the spells Petrify, Metabolic Englaciation and
                  | Statue Form to your library.
  1489 | D:2      | Reached skill level 5 in Ranged Weapons
  1489 | D:2      | Gained mutation: Your natural rate of healing is unusually
                  | fast. [Vine Stalker growth]
  1489 | D:2      | Reached XP level 4. HP: 23/23 MP: 5/5
  1637 | D:2      | Noticed Robin
  1646 | D:2      | Killed Robin
  1838 | D:2      | Noticed Jessica
  1845 | D:2      | Killed Jessica
  1846 | D:2      | Reached XP level 5. HP: 23/26 MP: 3/6
  1955 | D:3      | Found a shimmering altar of Xom.
  2072 | D:3      | You pick up a book of Geomancy and begin reading...
  2072 | D:3      | You add the spells Sandblast, Passwall and Stone Arrow to
                  | your library.
  2130 | D:3      | HP: 3/26 [orc priest/divine providence (10)]
  2131 | D:3      | Slain by an orc priest

Vanquished Creatures
  Jessica (D:2)
  Robin (D:2)
  3 adders (D:2)
  A dart slug (D:1)
  8 orcs (D:3)
  7 ball pythons
  9 bats
  3 endoplasms (D:1)
  13 goblins
  6 hobgoblins
  6 jackals (D:1)
  4 kobolds
  2 quokkas (D:1)
  A frilled lizard (D:3)
  2 rats (D:2)
67 creatures vanquished.

Table legend:
 A = Non-vault XP
 B = Vault XP
 C = Vault XP percentage of total XP
 D = Non-vault monster count
 E = Vault monster count
 F = Vault count percentage of total count
                 A         B        C        D         E       F
            +---------+---------+-------+---------+---------+-------
      Total |     134 |      76 |  36.2 |      51 |      16 |  23.9
            +---------+---------+-------+---------+---------+-------
        D:1 |      49 |       0 |   0.0 |      26 |       0 |   0.0
        D:2 |      55 |      73 |  57.0 |      13 |      13 |  50.0
        D:3 |      30 |       3 |   9.1 |      12 |       3 |  20.0
            +---------+---------+-------+---------+---------+-------

Illustrated notes

Table legend:
 A = Kills in this place as a percentage of kills in entire the game.
 B = Kills by you in this place as a percentage of kills by you in the entire game.
 C = Kills by friends in this place as a percentage of kills by friends in the entire game.
 D = Other kills in this place as a percentage of other kills in the entire game.
 E = Experience gained in this place as a percentage of experience gained in the entire game.
 F = Experience gained in this place divided by the number of levels of this place that you have seen.
                   A       B       C       D       E      F
               +-------+-------+-------+-------+-------+----------------------
         Total | 100.0 | 100.0 |   N/A |   N/A | 100.0 |  70.0
       Dungeon | 100.0 | 100.0 |   N/A |   N/A | 100.0 |  70.0
               +-------+-------+-------+-------+-------+----------------------

Table legend: (Time is in decaauts)
 A = Elapsed time spent in this place.
 B = Non-inter-level travel time spent in this place.
 C = Inter-level travel time spent in this place.
 D = Time resting spent in this place.
 E = Time spent auto-exploring this place.
 F = Levels seen in this place.
 G = Mean time per level.
                   A        B        C        D        E       F      G
               +--------+--------+--------+--------+--------+-----+--------+
         Total |   2164 |   2117 |     47 |    329 |   1440 |   3 |  721.3 |
       Dungeon |   2164 |   2117 |     47 |    329 |   1440 |   3 |  721.3 |
               +--------+--------+--------+--------+--------+-----+--------+

Top non-repeatable levels by time:
     D:1: 1191 daAuts
     D:2: 779 daAuts
     D:3: 193 daAuts
